 Dungeon Crawl Stone Soup version 0.23.0 (webtiles) character file.

Game seed: 3364274321315010366

506691 Monsterracer the Slayer (level 26, -5/147 HPs)
             Began as a Kobold Abyssal Knight on Feb 16, 2019.
             Was the Champion of Lugonu.
             Killed from afar by a starcursed mass (8 damage)
             ... with an accursed screaming
             ... on level 4 of the Abyss.
             The game lasted 03:50:10 (106643 turns).

Monsterracer the Slayer (Kobold Abyssal Knight)   Turns: 106643, Time: 03:50:10

Health: -5/147     AC: 19    Str:  9      XL:     26   Next: 68%
Magic:  27/29      EV: 33    Int: 20 (22) God:    Lugonu [******]
Gold:   1894       SH:  9    Dex: 20      Spells: 15/45 levels left

rFire    + . .     SeeInvis +   a - +9 rapier (elec)
rCold    + + .     Gourm    .   p - +2 buckler
rNeg     + . .     Faith    .   j - +2 robe {rC+ rF+}
rPois    .         Spirit   .   S - +2 hat {SInv}
rElec    +         Reflect  .   h - +3 cloak of Tasiaxt {Int+5}
rCorr    +         Harm     .   g - +2 pair of gloves
MR       ++++.     Rnd*Tele +   q - +2 pair of boots
Stlth    +++.......             Z - amulet of Makhleb's Hope {rElec Regen+ Dex+4}
HPRegen  1.14/turn              T - ring "Sedephuph" {+Blink rElec rC+ rN+}
MPRegen  0.21/turn              U - ring of Hepliaklqana's Hope {rCorr MR+++ Str-2 Dex+5}

@: about to teleport, glowing, studying Armour
A: small, molten scales 1, blurry vision 1, carnivore, [clumsy 2], deformed
body, [deterioration 2], [dopey 2], [frail 2], low mp 2, regeneration 1,
[teleportitis 1], weak 1, [subdued magic 2]
}: 2/15 runes: serpentine, barnacled
a: Depart the Abyss, Bend Space, Banish, Corrupt, Enter the Abyss, Renounce
Religion, Evoke Blink


You were on level 4 of the Abyss.
You worshipped Lugonu.
Lugonu was exalted by your worship.
You were full.

You visited 8 branches of the dungeon, and saw 43 of its levels.
You visited the Abyss 2 times.
You also visited: Ice Cave and Volcano.

You collected 5815 gold pieces.
You spent 3921 gold pieces at shops.

Inventory:

Hand Weapons
 a - a +9 rapier of electrocution (weapon)
 b - a +9 quick blade of distortion
Missiles
 W - 11 throwing nets (quivered) {!f}
Armour
 g - a +2 pair of gloves (worn)
 h - the +3 cloak of Tasiaxt (worn) {Int+5}
   (You found it on level 2 of the Vaults)

   It affects your intelligence (+5).
 j - a +2 robe of resistance (worn)
 p - a +2 buckler (worn)
 q - a +2 pair of boots (worn)
 S - a +2 hat of see invisible (worn)
Jewellery
 M - an uncursed ring of fire
 T - the ring "Sedephuph" (left hand) {+Blink rElec rC+ rN+}
   (You found it on level 3 of the Depths)

   [ring of positive energy]

   It protects you from cold.
   It insulates you from electricity.
   It protects you from negative energy.
   It lets you blink.
 U - the ring of Hepliaklqana's Hope (right hand) {rCorr MR+++ Str-2 Dex+5}
   (You found it on level 12 of the Dungeon)

   [ring of resist corrosion]

   It affects your strength (-2).
   It affects your dexterity (+5).
   It affects your resistance to hostile enchantments.
 V - the ring of Daeceuddud {rF+ Int+2}
   (You found it on level 12 of the Dungeon)

   [ring of intelligence]

   It affects your intelligence (+2).
   It protects you from fire.
 Z - the amulet of Makhleb's Hope (around neck) {rElec Regen+ Dex+4}
   (You took it off a merfolk on level 3 of the Shoals)

   [amulet of regeneration]

   It affects your dexterity (+4).
   It insulates you from electricity.
   It increases your rate of regeneration.
Wands
 y - a wand of iceblast (14)
 B - a wand of digging (17)
 I - a wand of acid (22)
 R - a wand of clouds (9)
Scrolls
 f - 2 scrolls of identify
 m - 6 scrolls of magic mapping
 r - 17 scrolls of remove curse
 s - 3 scrolls of summoning {!r}
 t - 11 scrolls of teleportation {!r}
 z - 9 scrolls of fog
 E - 9 scrolls of holy word
 G - a scroll of silence
 L - 6 scrolls of vulnerability
 X - a scroll of blinking
 Y - 2 scrolls of fear {!r}
Potions
 d - 5 potions of heal wounds
 e - 18 potions of curing
 i - 8 potions of cancellation
 k - 11 potions of might
 l - 6 potions of ambrosia {!q}
 o - 9 potions of lignification
 u - 8 potions of mutation {!q}
 v - 2 potions of berserk rage {!q}
 w - 11 potions of agility
 x - 7 potions of haste
 F - 4 potions of brilliance
 H - 2 potions of resistance
 J - 6 potions of magic
 K - a potion of invisibility
 O - 12 potions of flight
Books
 D - a manual of Armour
Miscellaneous
 n - a phial of floods
 C - a box of beasts
 N - a lamp of fire
 P - a phantom mirror
 Q - a fan of gales
Comestibles
 c - 73 rations


   Skills:
 * Level 24.0 Fighting
 - Level 14.0 Short Blades
 + Level 9.4 Armour
 + Level 20.2 Dodging
 - Level 16.0 Stealth
 - Level 5.6 Shields
 - Level 10.0 Spellcasting
 - Level 12.0 Hexes
 - Level 4.0 Charms
 - Level 7.1 Summonings
 - Level 4.0 Necromancy
 - Level 5.0 Translocations
 - Level 2.0 Transmutations
 - Level 5.0 Ice Magic
 - Level 5.0 Air Magic
 - Level 2.0 Earth Magic
 - Level 12.0 Invocations
 + Level 18.2 Evocations


You had 15 spell levels left.
You knew the following spells:

 Your Spells              Type           Power        Failure   Level  Hunger
a - Summon Lightning Spi  Summ/Air       ###.....     3%          4    ##.....
b - Invisibility          Hex            #####...     4%          6    ######.
c - Confuse               Hex            #####...     1%          3    None
d - Ensorcelled Hibernat  Hex/Ice        ####..       1%          2    None
e - Blink                 Tloc           N/A          1%          2    None
j - Regeneration          Chrm/Necr      ###.......   2%          3    None
u - Swiftness             Chrm/Air       ###.....     1%          2    None
v - Summon Butterflies    Summ           ###.....     1%          1    None
w - Cause Fear            Hex            #####.....   1%          4    ##.....
x - Passwall              Tmut/Erth      ##......     2%          2    None
z - Apportation           Tloc           ###...       1%          1    None

Your spell library contained the following spells:

 Spells                   Type           Power        Failure   Level  Hunger
 Confusing Touch          Hex            #####.       0%          1    None
 Corona                   Hex            #####..      0%          1    None
 Slow                     Hex            #####...     0%          2    None
 Beastly Appendage        Tmut           ##....       1%          1    None
 Sandblast                Erth           ##....       1%          1    None
 Shock                    Conj/Air       ##..         1%          1    None
 Summon Small Mammal      Summ           ###.         1%          1    None
 Call Imp                 Summ           ###.....     1%          2    None
 Poisonous Vapours        Pois/Air       ##....       1%          2    None
 Call Canine Familiar     Summ           ###.....     1%          3    None
 Dazzling Spray           Conj/Hex       ###...       1%          3    None
 Gell's Gravitas          Tloc           ###.......   1%          3    None
 Inner Flame              Hex/Fire       ###.....     1%          3    None
 Lesser Beckoning         Tloc           ###.......   1%          3    None
 Portal Projectile        Hex/Tloc       ####..       1%          3    None
 Summon Guardian Golem    Hex/Summ       ####....     1%          3    None
 Tukima's Dance           Hex            #####...     1%          3    None
 Leda's Liquefaction      Hex/Erth       ###.......   1%          4    ##.....
 Sticks to Snakes         Tmut           ##......     2%          2    None
 Vampiric Draining        Necr           ###.......   2%          3    None
 Summon Ice Beast         Ice/Summ       ###.....     3%          4    ##.....
 Metabolic Englaciation   Hex/Ice        ####......   3%          5    ####...
 Magic Dart               Conj           #...         4%          1    None
 Sting                    Conj/Pois      #...         4%          1    None
 Static Discharge         Conj/Air       ##......     4%          3    None
 Airstrike                Air            ###.......   5%          4    ##.....
 Searing Ray              Conj           #.....       7%          2    None
 Mephitic Cloud           Conj/Pois/Air  ##......     7%          3    None
 Yara's Violent Unravell  Hex/Tmut       ###.......   7%          5    ####...
 Spider Form              Tmut/Pois      #.........   10%         3    None
 Stone Arrow              Conj/Erth      #.....       10%         3    None
 Ignite Poison            Fire/Tmut/Pois #.......     11%         3    None
 Ice Form                 Ice/Tmut       ###.....     11%         4    ##.....
 Conjure Flame            Conj/Fire      #.......     14%         3    None
 Petrify                  Tmut/Erth      ##......     22%         4    ##.....
 Olgreb's Toxic Radiance  Pois           #.......     47%         4    ##.....
 Lightning Bolt           Conj/Air       ##........   47%         5    ####...
 Blade Hands              Tmut           ##........   54%         5    ####...
 Iskenderun's Battlesphe  Conj/Chrm      ##......     54%         5    ####...
 Lee's Rapid Deconstruct  Erth           ##........   54%         5    ####...
 Alistair's Intoxication  Tmut/Pois      #.......     69%         5    ####...
 Irradiate                Conj/Tmut      #.........   69%         5    ####...
 Bolt of Magma            Conj/Fire/Erth #.........   75%         5    ####...
 Fireball                 Conj/Fire      #.........   83%         5    ####...
 Venom Bolt               Conj/Pois      #.........   83%         5    ####...
 Freezing Cloud           Conj/Ice/Air   ##........   92%         6    ######.
 Hydra Form               Tmut           ##........   99%         6    ######.
 Iron Shot                Conj/Erth      #.........   99%         6    ######.
 Statue Form              Tmut/Erth      ##.......    99%         6    ######.
 Dragon Form              Tmut           ##........   100%        7    #######
 Ring of Flames           Chrm/Fire      ##........   100%        7    #######
 Ignition                 Fire           #.........   100%        8    #######
 Shatter                  Erth           ##........   100%        9    #######
 Tornado                  Air            ###.......   100%        9    #######


Dungeon Overview and Level Annotations

Branches:
Dungeon (15/15)            Temple (0/1) D:5            Lair (6/6) D:10
 Shoals (4/4) Lair:2        Snake (4/4) Lair:2        Slime (0/5) Lair:6
    Orc (2/2) D:12            Elf (3/3) Orc:2        Vaults (4/5) D:14
  Crypt (0/3) Vaults:3     Depths (5/5) D:15            Zot (0/5) Depths:5

Altars:
Cheibriados
Dithmenos
Fedhas
Gozag
Hepliaklqana
Kikubaaqudgha
Makhleb
Nemelex Xobeh
Qazlal
Ru
Trog
Uskayaw
Vehumet
Xom
The Shining One

Shops:
D:5 *   D:11 (   Orc:2 ?=*   Elf:1 !   Elf:2 !   Elf:3 *   Shoals:3 **
Depths:1 *[(   Depths:4 [

Portals:
Hell: Lair:6 Depths:1 Depths:3 Depths:4 Depths:5
Abyss: Depths:1 Depths:4 Depths:5
Pandemonium: Depths:3
Ziggurat: Depths:3

Annotations:
Shoals:3 corrupted
Elf:2 , corrupted
Elf:3 corrupted
Depths:1 corrupted
Depths:2 1 runed translucent door
Depths:5 1 runed translucent door, corrupted
Abyss:1 Rupert, Sojobo


Innate Abilities, Weirdness & Mutations

You are small and have problems with some larger weapons.
You are carnivorous and can eat meat at any time.
You are partially covered in molten scales. (AC +2)
Scrolls take you a little longer to read.
Armour fits poorly on your strangely shaped body.
Your magical capacity is very low. (-20% MP)
Your natural rate of healing is unusually fast.
You are weak. (Str -2)
[You are very clumsy. (Dex -4)]
[Your body often deteriorates upon taking damage.]
[You are very dopey. (Int -4)]
[You are very frail. (-20% HP)]
[You are occasionally teleported next to monsters.]
[Your spells are easier to cast, but less powerful.]


Message History

The green draconian monk kicks you!
The green draconian monk barely misses you.
The green draconian monk completely misses you.
You take 12 damage, and have 103/147 hp.
The quicksilver dragon barely misses you.
The quicksilver dragon claws you but does no damage.
A starcursed mass splits.
The green draconian monk hits you but does no damage.
The green draconian monk kicks you!
The green draconian monk closely misses you.
You block the green draconian monk's attack.
You take 7 damage, and have 96/147 hp.
Your skin stops crawling.
The quicksilver dragon bites you but does no damage.
The quicksilver dragon completely misses you.
A chorus of shrieks assaults your mind.
A starcursed mass splits.
You block the green draconian monk's attack.
The green draconian monk kicks you but does no damage.
You block the green draconian monk's attack.
The green draconian monk tail-slaps you!
* * * LOW HITPOINT WARNING * * *
The draconian barely misses you.
The draconian roars!
You take 23 damage, and have 73/147 hp.
MP restored: 29 Unknown command.
A starcursed mass splits.
The draconian misses you.
You regained 2 hp, and now have 75/147 hp.
You block the draconian's attack.
The quicksilver dragon breathes dispelling energy at you.
The bolt of dispelling energy misses you.
The quicksilver dragon bites you but does no damage.
The quicksilver dragon misses you. A chorus of shrieks assaults your mind.
* * * LOW HITPOINT WARNING * * *
The draconian misses you.
You take 6 damage, and have 71/147 hp.
Unknown command.
You open the door.
A blizzard demon comes into view.
You block the quicksilver dragon's attack.
The quicksilver dragon claws you.
* * * LOW HITPOINT WARNING * * *
You take 3 damage, and have 68/147 hp.
Unknown command.
A wretched star and an angel come into view.
The angel is wielding a +1 whip of holy wrath.
The quicksilver dragon completely misses you.
The quicksilver dragon claws you but does no damage.
The blizzard demon shouts!
The angel shouts!
There is an open door here.
You barely miss the blizzard demon. You block the angel's attack.
The angel completely misses you.
Really read
t - 12 scrolls of teleportation {!r}?
Really read with blurry vision while enemies are nearby?
The quicksilver dragon breathes dispelling energy at you.
The bolt of dispelling energy misses you.
You block the draconian's attack.
The blizzard demon hits you but does no damage.
The blizzard demon completely misses you.
A chorus of shrieks assaults your mind.
* * * LOW HITPOINT WARNING * * *
You begin reading the scroll.
You continue reading the scroll.
You block the angel's attack. x2
The quicksilver dragon barely misses you.
The quicksilver dragon claws you!
* * * LOW HITPOINT WARNING * * *
The angel completely misses you. The angel closely misses you.
The quicksilver dragon completely misses you. x2
The draconian hits you with a +0 flail.
* * * LOW HITPOINT WARNING * * *
The blizzard demon hits you.
* * * LOW HITPOINT WARNING * * *
The blizzard demon hits you!
* * * LOW HITPOINT WARNING * * *
As you read the scroll of teleportation {!r}, it crumbles to dust.
You feel strangely unstable.
You feel the power of the Abyss delaying your translocation!
You take 39 damage, and have 31/147 hp.
MASSIVE DAMAGE!!
Unknown command.
Unknown command.
Okay, then.
Casting: Regeneration (safe; 2% risk of failure)
Confirm with . or Enter, or press ? or * to list all spells.
You blink.
A starcursed mass splits.
The quicksilver dragon bites you.
* * * LOW HITPOINT WARNING * * *
The quicksilver dragon closely misses you.
The starcursed mass engulfs you.
* * * LOW HITPOINT WARNING * * *
The apocalypse crab bites you but does no damage.
You block the apocalypse crab's attack. The green draconian monk hits you!
* * * LOW HITPOINT WARNING * * *
The green draconian monk misses you.
The green draconian monk tail-slaps you.
* * * LOW HITPOINT WARNING * * *
The green draconian monk tail-slaps you.
* * * LOW HITPOINT WARNING * * *
A deafening chorus of shrieks assaults your mind!
You die...

.... X..# .*.#
###...# ....*
#2.# # ###
#A######. ..##
##dDt.## .....#
#..q@.X#..X. .#
#..dXX........#
#....X.#X.....#
##....###.#..##
###### ######


You could see 5 starcursed masses, a green draconian monk, an angel, a
quicksilver dragon, a blizzard demon, 2 draconians and an apocalypse crab.

Vanquished Creatures
  Saint Roka (Orc:2)
  Frederick (Vaults:3)
  A golden dragon (Depths:2)
  A caustic shrike (Depths:3)
  Nikola (Depths:1)
  A deep elf master archer (Elf:3)
  2 deep elf blademasters
  A quicksilver dragon (Depths:3)
  Asterion (Elf:3)
  A kraken (Shoals:3)
  2 sphinxes
  2 tentacled starspawn (Abyss:2)
  3 storm dragons
  Polyphemus (Shoals:2)
  A shadow dragon (Depths:4)
  9 nagarajas
  Donald (Elf:1)
  4 tengu reavers
  Ilsuiw (Shoals:3)
  5 frost giants
  A draconian knight (Depths:5)
  12 fire giants
  2 iron dragons
  2 deep elf sorcerers
  2 orc warlords
  A balrug (Depths:3)
  12 vault wardens
  Louise (Depths:4)
  19 ironheart preservers
  A deep elf elementalist (Elf:3)
  21 very ugly things
  17 stone giants
  An angel (Depths:3)
  A vampire knight (Depths:4)
  3 deep elf annihilators
  A black draconian (Depths:5)
  A yellow draconian (Depths:5)
  Nessos (D:14)
  A purple draconian (Depths:5)
  5 spark wasps
  6 deep elf demonologists (Elf:3)
  2 minotaurs (D:13)
  3 deep elf death magi
  6 merfolk impalers
  Josephine (D:9)
  11 ettins
  6 merfolk javelineers
  7 fire dragons
  A green death (Depths:3)
  14 yaktaur captains
  12 hydras
  12 vault guards
  2 deep elf high priests
  7 great orbs of eyes
  12 ice dragons
  5 rakshasas
  11 ogre magi
  2 catoblepae
  19 naga warriors
  3 spriggan air magi
  6 centaur warriors
  10 anacondas
  4 merfolk avatars
  Erica (D:12)
  3 merfolk aquamancers
  2 satyrs
  An anaconda (shapeshifter) (Depths:4)
  23 dancing weapons
  51 two-headed ogres
  5 deep troll shamans
  4 deep troll earth magi
  5 death yaks
  A tengu warrior (Depths:3)
  14 naga sharpshooters
  9 spriggan berserkers
  A sun demon (Depths:3)
  A thrashing horror (Abyss:2)
  An orc high priest (Orc:2)
  A soul eater (Abyss:2)
  12 shock serpents
  Nergalle (D:12)
  3 iron trolls (Depths:4)
  29 deep elf knights
  15 skeletal warriors
  3 wretched stars
  4 shadow wraiths
  2 salamander mystics (Snake:4)
  A sixfirhy (Lair:6)
  9 hell knights
  14 sea snakes
  An unseen horror (shapeshifter) (Vaults:2)
  A spark wasp zombie (Depths:3)
  2 flayed ghosts
  3 naga ritualists
  A storm dragon skeleton (Vaults:4)
  An infernal demonspawn (Depths:3)
  4 unseen horrors
  26 deep trolls
  3 glowing orange brains
  11 necromancers
  Pikel (Abyss:1)
  23 harpies
  7 wizards
  24 deep elf archers
  14 ironbrand convokers
  A phantasmal warrior (Vaults:4)
  A sphinx zombie (Depths:3)
  4 wolf spiders
  7 mana vipers
  9 orc knights
  3 fire giant zombies
  3 tengu skeletons
  A frost giant zombie (Depths:3)
  2 orc sorcerers
  4 human zombies
  68 deep elf magi
  12 fauns
  9 cyclopes
  13 salamanders
  44 ugly things
  An iron dragon skeleton (Depths:3)
  8 human skeletons
  A sphinx skeleton (Vaults:3)
  4 stone giant skeletons
  11 merfolk sirens
  An apocalypse crab (Abyss:2)
  10 elephants
  A guardian serpent (shapeshifter) (Vaults:2)
  9 guardian serpents
  17 manticores
  14 naga magi
  38 black mambas
  A frost giant skeleton (Vaults:2)
  An ice statue (IceCv)
  3 smoke demons
  2 fire giant skeletons (Vaults:3)
  Maurice (Orc:1)
  A torpor snail (Lair:5)
  20 vault sentinels
  2 rust devils
  3 gargoyles
  11 spiny frogs
  3 orange demons
  5 water nymphs
  3 kobold demonologists (D:11)
  42 yaktaurs
  An efreet (D:13)
  A hellwing (Depths:3)
  5 freezing wraiths
  7 rime drakes
  8 komodo dragons
  A yaktaur (shapeshifter) (Depths:2)
  A red devil (Lair:6)
  3 ancient zymes (Abyss:2)
  4 ice devils
  A tengu conjurer (Depths:1)
  29 merfolk
  3 yaktaur skeletons
  A queen bee (Depths:2)
  A sphinx simulacrum (Vaults:3)
  A wind drake (shapeshifter) (Vaults:2)
  14 trolls
  6 hornets
  16 polar bears
  4 wind drakes
  15 blink frogs
  15 hippogriffs
  4 raiju
  6 dream sheep
  A slime creature (shapeshifter) (Elf:3)
  7 snapping turtles
  34 slime creatures
  A redback (Orc:1)
  4 shadows
  An ettin skeleton (Vaults:3)
  A shock serpent simulacrum (Abyss:2)
  A vampire (D:12)
  3 ynoxinuls (Abyss:2)
  2 spriggans (Lair:2)
  3 air elementals
  18 water elementals
  44 yaks
  2 tarantellas (Orc:1)
  A tarantella (shapeshifter) (D:15)
  7 large abominations
  6 wraiths
  3 basilisks
  5 golden eyes (Abyss:2)
  2 golden eyes (shapeshifter)
  2 hogs (shapeshifter)
  2 hungry ghosts
  4 neqoxecs
  2 chaos spawn
  2 yaktaur simulacra
  4 fire elementals
  An acid dragon (D:11)
  7 wargs
  An acid dragon (shapeshifter) (D:15)
  43 nagas
  17 water moccasins
  A floating eye (shapeshifter) (Vaults:4)
  9 porcupines
  3 hell hounds (Lair:6)
  65 orc warriors
  A deep troll skeleton (Vaults:3)
  An eye of draining (shapeshifter) (Vaults:3)
  2 ice beasts
  A black bear (shapeshifter) (Elf:3)
  5 black bears
  4 sky beasts
  11 starcursed masses (Abyss:2)
  2 ettin simulacra (Vaults:3)
  22 wolves
  4 phantoms
  2 boggarts (Depths:2)
  A boggart (shapeshifter) (Vaults:4)
  An elf zombie (Vaults:4)
  37 ogres
  3 necrophages
  27 centaurs
  17 crocodiles
  6 big kobolds
  17 bullfrogs
  A big kobold (shapeshifter) (Depths:2)
  A glowing shapeshifter simulacrum (Vaults:3)
  A wyvern zombie (D:11)
  4 small abominations (Abyss:2)
  8 earth elementals
  4 scorpions
  33 killer bees
  3 wights (D:7)
  4 howler monkeys
  3 electric eels (D:13)
  A centaur zombie (D:9)
  10 crimson imps
  4 quasits
  10 hounds
  22 orc priests
  Crazy Yiuf (D:3)
  2 bullfrog zombies
  2 jellies (D:12)
  6 centaur skeletons
  A gnoll shaman (Orc:1)
  An iron imp (Abyss:2)
  27 orc wizards
  Jessica (D:2)
  5 bullfrog skeletons
  Terence (D:3)
  4 iguanas
  13 worker ants
  A killer bee zombie (D:10)
  A hound skeleton (D:7)
  20 gnolls
  17 adders
  4 shadow imps
  A white imp (Depths:3)
  2 ufetubi (Abyss:2)
  An ooze (shapeshifter) (Vaults:2)
  2 worms
  2 dart slugs (D:1)
  7 leopard geckos
  118 orcs
  7 giant cockroaches
  5 hobgoblins
  24 jackals
  3 quokkas
  A ball python (Lair:2)
  A ball python skeleton (D:4)
  7 bats
  8 goblins
  A jackal skeleton (D:4)
  11 kobolds
  2 quokka skeletons
  4 rats
  2 crawling corpses
  A fungus (Lair:6)
  A plant (Lair:3)
  A starspawn tentacle (Abyss:3)
2087 creatures vanquished.

Vanquished Creatures (collateral kills)
  A golden dragon (Depths:3)
  A tengu reaver (Vaults:2)
  Gastronok (D:11)
  A nagaraja (Snake:2)
  2 ironheart preservers (Vaults:2)
  The ghost of Elebi the Grappler, a journeyman DrTm of Yredelemnul (Lair:2)
  A naga warrior (Snake:3)
  A hydra (Lair:6)
  An anaconda (Snake:1)
  2 two-headed ogres (Vaults:2)
  4 ogre magi
  A dancing weapon (Elf:1)
  2 naga sharpshooters
  A deep elf knight (Elf:1)
  A sun demon (Depths:3)
  An iron troll (Depths:4)
  A deep troll (Depths:2)
  A tengu zombie (Vaults:3)
  2 lindwurms (Volcano)
  A necromancer (Vaults:2)
  A mana viper (Snake:2)
  5 oklob plants
  A deep elf mage (Elf:2)
  2 cyclopes
  A black mamba (Snake:4)
  A human skeleton (Vaults:3)
  A spiny frog (Lair:5)
  A naga mage (Snake:2)
  A rime drake (Lair:6)
  2 komodo dragons
  3 yaktaurs
  A red devil (Lair:6)
  3 polar bears
  A slime creature (Vaults:2)
  A dream sheep (Lair:6)
  A redback (Orc:1)
  4 hippogriffs
  A redback (shapeshifter) (Vaults:1)
  8 yaks
  3 nagas
  2 orc warriors
  A porcupine (Lair:3)
  A human zombie (Vaults:3)
  3 ogres (Vaults:2)
  A phantom (D:11)
  4 wolves
  A centaur (Vaults:4)
  A crocodile (Lair:1)
  A big kobold (D:11)
  A crimson imp (D:7)
  A bullfrog zombie (D:12)
  A quasit (D:12)
  An orc priest (D:12)
  An orc wizard (D:12)
  An iguana (D:11)
  A gnoll (D:13)
  2 adders
  10 orcs
  2 kobolds (D:11)
  2 fungi (Lair:6)
107 creatures vanquished.

Vanquished Creatures (others)
  An ancient lich (Depths:5)
  A caustic shrike (Depths:4)
  A deep elf master archer (Elf:3)
  2 titans
  A deep elf blademaster (Elf:3)
  A lich (Depths:3)
  A sphinx (Vaults:2)
  2 frost giants
  A vault warden (Vaults:1)
  4 deep elf sorcerers
  A draconian stormcaller (Depths:5)
  A spriggan defender (Depths:3)
  The ghost of crawlian the Scorcher, a journeyman DEFE of Vehumet (Shoals:4)
  A vampire knight (Depths:5)
  A deep elf demonologist (Elf:3)
  2 deep elf annihilators (Elf:3)
  A spark wasp (Depths:4)
  5 deep elf death magi
  3 ogre magi
  A deep elf high priest (Elf:3)
  A fire dragon (Depths:1)
  A rakshasa (Vaults:1)
  2 hydras (Lair:2)
  3 spriggan air magi (Depths:5)
  A merfolk aquamancer (Shoals:2)
  3 deep troll earth magi
  A death yak (D:13)
  3 dancing weapons
  A deep troll shaman (Depths:5)
  5 deep elf knights
  A small abomination (Elf:3)
  A deep troll (Depths:5)
  2 deep elf archers (Elf:2)
  2 wizards (Depths:5)
  A golden dragon skeleton (Depths:3)
  A necromancer (Depths:3)
  12 deep elf magi
  An orc sorcerer (Elf:2)
  4 fauns
  2 ugly things
  2 merfolk sirens (Shoals:3)
  A vault sentinel (Vaults:4)
  A water nymph (Shoals:3)
  2 molten gargoyles (Volcano)
  A yaktaur (Depths:5)
  An efreet (Volcano)
  A hippogriff (Shoals:3)
  2 dream sheep (Shoals:3)
  A wraith (Vaults:1)
  2 air elementals
  A water elemental (Shoals:3)
  A naga (Snake:4)
  2 orc warriors
  A scorpion (D:7)
  A hound (D:7)
  An orc wizard (Orc:2)
  A worker ant (D:7)
  A worm (D:7)
  6 orcs
  A crawling corpse (Depths:5)
  A fire vortex (Volcano)
  28 fungi
  21 plants
  28 starspawn tentacles
188 creatures vanquished.

Grand Total: 2382 creatures vanquished

Notes
Turn   | Place    | Note
-------+----------+-------------------------------------------
     0 | Abyss:1  | Monsterracer the Kobold Abyssal Knight began the quest for
                  | the Orb.
     0 | Abyss:1  | Reached XP level 1. HP: 14/14 MP: 2/2
     9 | D:1      | Escaped the Abyss
   131 | D:1      | Reached XP level 2. HP: 19/19 MP: 3/3
   405 | D:1      | HP: 9/19 [jackal (1)]
   411 | D:1      | Reached XP level 3. HP: 8/23 MP: 4/4
   417 | D:1      | HP: 5/23 [jackal (3)]
   441 | D:1      | HP: 6/23 [kobold/cursed -3 dagger (1)]
   444 | D:1      | Reached ** piety under Lugonu
  1240 | D:2      | Reached XP level 4. HP: 28/29 MP: 5/5
  1253 | D:2      | Found a bloodstained altar of Trog.
  1474 | D:2      | Noticed Jessica
  1484 | D:2      | Killed Jessica
  1484 | D:2      | Reached skill level 4 in Fighting
  1807 | D:2      | Reached XP level 5. HP: 33/33 MP: 6/6
  2147 | D:2      | Found a blossoming altar of Fedhas.
  2149 | D:2      | Found a shimmering altar of Xom.
  2149 | D:2      | Found a blossoming altar of Fedhas.
  2153 | D:2      | Learned a level 2 spell: Blink
  2154 | D:2      | Found a sparkling altar of Nemelex Xobeh.
  2154 | D:2      | Found a stormy altar of Qazlal.
  2154 | D:2      | Found a shimmering altar of Xom.
  2482 | D:3      | Reached skill level 5 in Short Blades
  2651 | D:3      | Found a burning altar of Makhleb.
  2686 | D:3      | HP: 15/33 [something (5)]
  2691 | D:3      | HP: 11/33 [something (1)]
  2696 | D:3      | HP: 10/33 [something/puff of flame (1)]
  2970 | D:3      | Reached *** piety under Lugonu
  3061 | D:3      | HP: 15/34 [orc wizard/+0 dagger (5)]
  3065 | D:3      | Reached XP level 6. HP: 13/39 MP: 7/7
  3066 | D:3      | HP: 12/39 [poisoned by a kobold]
  3072 | D:3      | HP: 8/39 [poisoned by a kobold]
  3078 | D:3      | HP: 6/39 [poisoned by a kobold]
  3083 | D:3      | HP: 5/39 [poisoned by a kobold]
  3091 | D:3      | HP: 4/39 [poisoned by a kobold]
  3765 | D:3      | Noticed Terence
  3780 | D:3      | Killed Terence
  3912 | D:3      | Found a runed translucent door.
  3913 | D:3      | Noticed Crazy Yiuf
  4089 | D:3      | Found a blossoming altar of Fedhas.
  4089 | D:3      | Found a shadowy altar of Dithmenos.
  4164 | D:3      | Found an ancient bone altar of Kikubaaqudgha.
  4343 | D:3      | HP: 13/39 [Crazy Yiuf/+3 quarterstaff of chaos (8)]
  4654 | D:3      | HP: 19/39 [poisoned by Crazy Yiuf]
  4659 | D:3      | Killed Crazy Yiuf
  4659 | D:3      | Reached skill level 1 in Translocations
  4659 | D:3      | HP: 14/39 [poisoned by Crazy Yiuf]
  4664 | D:3      | HP: 11/39 [poisoned by Crazy Yiuf]
  4669 | D:3      | HP: 10/39 [poisoned by Crazy Yiuf]
  4676 | D:3      | HP: 9/39 [poisoned by Crazy Yiuf]
  4684 | D:3      | HP: 8/39 [poisoned by Crazy Yiuf]
  4976 | D:4      | Found a radiant altar of Vehumet.
  5150 | D:4      | Found a glowing golden altar of the Shining One.
  5177 | D:4      | Reached XP level 7. HP: 44/44 MP: 8/8
  5830 | D:5      | Entered Level 5 of the Dungeon
  6007 | D:5      | Learned a level 4 spell: Summon Lightning Spire
  6069 | D:5      | Found Kapecy's Assorted Antiques.
  6079 | D:5      | Bought a scroll labeled TANAROIX WAUHYITT for 28 gold
                  | pieces
  6080 | D:5      | Bought a forked bone wand for 112 gold pieces
  6122 | D:5      | Found a staircase to the Ecumenical Temple.
  6168 | D:5      | HP: 22/44 [phantom (5)]
  6178 | D:5      | HP: 17/44 [phantom (6)]
  6180 | D:5      | Reached skill level 5 in Fighting
  6841 | D:6      | HP: 20/44 [orc priest/divine providence (15)]
  7030 | D:6      | HP: 21/44 [orc wizard/puff of frost (4)]
  7034 | D:6      | Reached **** piety under Lugonu
  7318 | D:6      | Reached XP level 8. HP: 49/49 MP: 10/10
  7473 | D:6      | Reached skill level 5 in Dodging
  7925 | D:6      | You fall through a shaft for 3 floors!
  7938 | D:8      | Noticed a hippogriff
  7977 | D:7      | HP: 23/50 [wight/cursed +5 spear (5)]
  8151 | D:7      | Reached skill level 1 in Stealth
  8305 | D:7      | Found a glowing golden altar of the Shining One.
  8356 | D:7      | HP: 25/51 [poisoned by a worker ant]
  8369 | D:7      | HP: 25/51 [poisoned by a water moccasin]
  8375 | D:7      | HP: 12/51 [water moccasin (3)]
  8378 | D:7      | Reached skill level 1 in Evocations
  9006 | D:6      | Reached skill level 6 in Fighting
  9006 | D:6      | Reached XP level 9. HP: 47/55 MP: 12/12
  9255 | D:7      | Found a hazy altar of Hepliaklqana.
  9467 | D:7      | Noticed Pikel
  9491 | D:7      | Banished Pikel
  9501 | D:7      | HP: 25/56 [ogre/cursed +0 giant club (5)]
 10094 | D:7      | Found a snail-covered altar of Cheibriados.
 10272 | D:8      | HP: 21/56 [killer bee (10)]
 10277 | D:7      | HP: 17/56 [poisoned by a killer bee]
 10282 | D:7      | HP: 14/56 [poisoned by a killer bee]
 10287 | D:7      | HP: 13/56 [poisoned by a killer bee]
 10293 | D:7      | HP: 12/56 [poisoned by a killer bee]
 10300 | D:7      | HP: 11/56 [poisoned by a killer bee]
 10873 | D:8      | Reached ***** piety under Lugonu
 10952 | D:8      | Reached skill level 5 in Invocations
 11189 | D:8      | HP: 28/56 [poisoned by a killer bee]
 11195 | D:8      | HP: 28/56 [poisoned by a killer bee]
 11203 | D:8      | HP: 27/56 [poisoned by a killer bee]
 11252 | D:8      | HP: 28/56 [black bear (3)]
 11443 | D:8      | Reached skill level 10 in Short Blades
 11631 | D:8      | HP: 25/56 [killer bee (4)]
 11636 | D:7      | HP: 19/56 [poisoned by a killer bee]
 11641 | D:7      | HP: 15/56 [poisoned by a killer bee]
 11646 | D:7      | HP: 13/56 [poisoned by a killer bee]
 11651 | D:7      | HP: 11/56 [poisoned by a killer bee]
 11657 | D:7      | HP: 10/56 [poisoned by a killer bee]
 11665 | D:7      | HP: 10/56 [poisoned by a killer bee]
 12096 | D:8      | HP: 24/56 [hippogriff (5)]
 12098 | D:8      | Killed a hippogriff
 12098 | D:8      | Reached skill level 5 in Stealth
 12098 | D:8      | Reached XP level 10. HP: 20/61 MP: 13/13
 12647 | D:8      | HP: 30/61 [hippogriff (4)]
 12650 | D:8      | Reached skill level 7 in Fighting
 13620 | D:9      | Reached skill level 5 in Evocations
 13753 | D:9      | HP: 31/63 [orc/+0 hand axe (3)]
 14027 | D:9      | Found a hide-covered altar of Uskayaw.
 14117 | D:9      | HP: 28/63 [yak (15)]
 14136 | D:9      | HP: 17/63 [yak (14)]
 14137 | D:9      | HP: 3/63 [yak (14)]
 14234 | D:8      | HP: 12/63 [yak (10)]
 14241 | D:8      | HP: 3/63 [yak (10)]
 14676 | D:9      | HP: 28/64 [yak (15)]
 14861 | D:9      | Found an opulent altar of Gozag.
 14989 | D:9      | Reached XP level 11. HP: 68/68 MP: 15/15
 15135 | D:9      | Reached skill level 8 in Fighting
 15302 | D:9      | Noticed a two-headed hydra
 15370 | D:8      | Killed a one-headed hydra
 15370 | D:8      | Reached skill level 1 in Spellcasting
 15626 | D:9      | HP: 34/68 [hippogriff (1)]
 15635 | D:9      | HP: 28/68 [hippogriff (2)]
 16149 | D:9      | Found a sacrificial altar of Ru.
 16441 | D:10     | Entered Level 10 of the Dungeon
 16462 | D:10     | Found a staircase to the Lair.
 16497 | D:10     | HP: 28/69 [crocodile (11)]
 16509 | D:10     | HP: 19/69 [porcupine's spines (11)]
 16514 | D:9      | HP: 13/69 [porcupine's spines (7)]
 16519 | D:9      | HP: 11/69 [porcupine (3)]
 17268 | D:10     | Noticed Josephine
 17472 | D:9      | Killed Josephine
 17749 | D:10     | HP: 34/69 [wraith[Josephine] (8)]
 18228 | Lair:1   | Entered Level 1 of the Lair of Beasts
 18309 | D:10     | HP: 29/69 [spiny frog (10)]
 18315 | D:10     | HP: 12/69 [spiny frog (9)]
 18587 | D:10     | HP: 33/69 [spiny frog (11)]
 18777 | D:9      | Reached skill level 9 in Fighting
 18777 | D:9      | Reached XP level 12. HP: 40/76 MP: 17/17
 19015 | Lair:1   | HP: 36/76 [komodo dragon (5)]
 19024 | Lair:1   | Reached skill level 1 in Summonings
 19314 | Lair:1   | HP: 36/76 [porcupine's spines (11)]
 19749 | Lair:1   | HP: 38/76 [poisoned by a spiny frog]
 19754 | Lair:1   | HP: 34/76 [poisoned by a spiny frog]
 19759 | Lair:1   | HP: 30/76 [poisoned by a spiny frog]
 19765 | Lair:1   | HP: 29/76 [poisoned by a spiny frog]
 19773 | Lair:1   | HP: 27/76 [poisoned by a spiny frog]
 19781 | Lair:1   | HP: 27/76 [poisoned by a spiny frog]
 19845 | Lair:1   | Learned a level 1 spell: Summon Small Mammal
 19849 | Lair:1   | HP: 35/76 [wolf (6)]
 20204 | Lair:1   | HP: 30/76 [porcupine (12)]
 20213 | Lair:1   | HP: 27/76 [porcupine's spines (4)]
 21057 | Lair:2   | Noticed a five-headed hydra
 21060 | Lair:2   | Banished a five-headed hydra
 21060 | Lair:2   | Reached skill level 1 in Air Magic
 21268 | Lair:2   | Found a runed translucent door.
 21268 | Lair:2   | Identified the +5 spear "Cimp" {protect, Str+3}
 21268 | Lair:2   | Noticed a spriggan rider
 21273 | Lair:2   | Noticed Elebi's ghost (journeyman DrTm)
 21414 | Lair:2   | HP: 34/76 [komodo dragon (11)]
 21523 | Lair:2   | Noticed an eight-headed hydra
 21536 | Lair:2   | Banished an eight-headed hydra
 21536 | Lair:2   | Reached skill level 10 in Dodging
 21664 | Lair:2   | HP: 31/77 [water moccasin (8)]
 21669 | Lair:2   | HP: 28/77 [poisoned by a water moccasin]
 21675 | Lair:2   | HP: 26/77 [poisoned by a water moccasin]
 21680 | Lair:2   | HP: 24/77 [poisoned by a water moccasin]
 21687 | Lair:2   | HP: 23/77 [poisoned by a water moccasin]
 21694 | Lair:2   | HP: 22/77 [poisoned by a water moccasin]
 21702 | Lair:2   | HP: 22/77 [poisoned by a water moccasin]
 22138 | Lair:2   | Found a staircase to the Shoals.
 22188 | Lair:2   | HP: 31/77 [bullfrog (9)]
 22199 | Lair:1   | HP: 30/77 [poisoned by an adder]
 22207 | Lair:1   | HP: 15/77 [crocodile (16)]
 22590 | Lair:1   | HP: 37/77 [elephant (11)]
 22599 | Lair:1   | HP: 8/77 [elephant (16)]
 22943 | Lair:1   | HP: 25/77 [yak (15)]
 23340 | Lair:2   | HP: 29/77 [elephant (19)]
 23374 | Lair:2   | Reached skill level 10 in Fighting
 23374 | Lair:2   | Reached XP level 13. HP: 37/82 MP: 2/19
 23375 | Lair:2   | HP: 28/82 [elephant (9)]
 23381 | Lair:2   | HP: 11/82 [elephant (18)]
 23815 | Lair:2   | Found a staircase to the Snake Pit.
 24296 | Lair:3   | HP: 40/82 [poisoned by a black mamba]
 24301 | Lair:3   | HP: 36/82 [poisoned by a black mamba]
 24306 | Lair:3   | HP: 33/82 [poisoned by a black mamba]
 24312 | Lair:3   | HP: 32/82 [poisoned by a black mamba]
 24318 | Lair:3   | HP: 31/82 [poisoned by a black mamba]
 24326 | Lair:3   | HP: 31/82 [poisoned by a black mamba]
 24523 | Lair:3   | Learned a level 1 spell: Confusing Touch
 24527 | Lair:3   | Learned a level 3 spell: Confuse
 24633 | Lair:3   | Noticed a four-headed hydra
 24778 | Lair:3   | Found a dark tunnel.
 24787 | Volcano  | Entered a volcano
 24805 | Volcano  | HP: 23/82 [earth elemental (20)]
 24837 | Volcano  | HP: 26/82 [fire elemental (4)]
 25168 | Volcano  | HP: 32/83 [molten gargoyle/+0 mace (12)]
 25169 | Volcano  | HP: 13/83 [molten gargoyle/bolt of magma (20)]
 25913 | Lair:3   | Killed a four-headed hydra
 25937 | Lair:4   | Reached skill level 5 in Summonings
 26115 | Lair:4   | Reached skill level 1 in Hexes
 27289 | Lair:4   | HP: 34/83 [elephant (15)]
 27671 | Lair:5   | Noticed a six-headed hydra
 27705 | Lair:5   | Killed a six-headed hydra
 28022 | Lair:5   | Learned a level 1 spell: Summon Butterflies
 28030 | Lair:5   | Learned a level 6 spell: Invisibility
 28182 | Lair:5   | Noticed a four-headed hydra
 28205 | Lair:5   | Reached skill level 5 in Air Magic
 28247 | Lair:5   | Killed a four-headed hydra
 28460 | Lair:5   | Identified a scroll of acquirement
 28462 | Lair:5   | Reached skill level 10 in Invocations
 28663 | Lair:5   | Noticed a six-headed hydra
 28678 | Lair:5   | Killed a six-headed hydra
 28897 | Lair:6   | Entered Level 6 of the Lair of Beasts
 29182 | Lair:6   | Noticed an eight-headed hydra
 29303 | Lair:6   | Reached skill level 11 in Fighting
 29303 | Lair:6   | Reached XP level 14. HP: 51/90 MP: 13/21
 29346 | Lair:6   | Found a frozen archway.
 29519 | IceCv    | Entered an ice cave
 29543 | IceCv    | HP: 43/90 [polar bear (7)]
 30126 | IceCv    | Reached skill level 10 in Stealth
 30287 | IceCv    | Reached skill level 5 in Spellcasting
 30334 | IceCv    | Reached skill level 5 in Hexes
 30402 | IceCv    | Noticed a frost giant
 30775 | IceCv    | HP: 42/90 [frost giant/bolt of cold (21)]
 30776 | IceCv    | HP: 12/90 [frost giant/bolt of cold (30)]
 30779 | IceCv    | Banished a frost giant
 31474 | Lair:6   | HP: 45/90 [eight-headed hydra (3)]
 31511 | Lair:6   | HP: 35/90 [blink frog (13)]
 31524 | Lair:6   | HP: 33/90 [water moccasin (4)]
 31800 | Lair:6   | Learned a level 1 spell: Apportation
 31836 | Lair:6   | HP: 45/90 [poisoned by a black mamba]
 31841 | Lair:6   | HP: 42/90 [poisoned by a black mamba]
 31847 | Lair:6   | HP: 41/90 [poisoned by a black mamba]
 31853 | Lair:6   | HP: 40/90 [poisoned by a black mamba]
 31861 | Lair:6   | HP: 40/90 [poisoned by a black mamba]
 32135 | Lair:6   | HP: 40/90 [catoblepas (11)]
 32140 | Lair:6   | HP: 19/90 [poisoned by a spiny frog]
 32145 | Lair:6   | HP: 19/90 [poisoned by a spiny frog]
 32152 | Lair:6   | HP: 18/90 [poisoned by a spiny frog]
 32160 | Lair:6   | HP: 18/90 [poisoned by a spiny frog]
 32173 | Lair:6   | HP: 19/90 [hippogriff (3)]
 32762 | Lair:6   | Found a staircase to the Slime Pits.
 32863 | Lair:6   | HP: 39/90 [acid (10)]
 32956 | Lair:6   | HP: 37/90 [blink frog (12)]
 33500 | Lair:6   | HP: 43/91 [six-headed hydra (15)]
 33877 | Lair:6   | Found a burning altar of Makhleb.
 33901 | Lair:6   | HP: 45/91 [red devil/+0 trident (8)]
 34610 | Lair:6   | HP: 45/91 [ice devil (8)]
 34925 | Lair:6   | HP: 44/91 [red devil/cursed +0 trident (10)]
 35128 | Lair:6   | Found a gateway to Hell.
 35523 | Lair:6   | Reached XP level 15. HP: 90/96 MP: 12/24
 35677 | Lair:6   | HP: 48/96 [acid (9)]
 35689 | Lair:6   | HP: 45/96 [oklob plant/splash of acid (6)]
 35721 | Lair:6   | HP: 40/96 [oklob plant/splash of acid (1)]
 36156 | Lair:2   | Killed Elebi's ghost
 36462 | D:11     | Reached skill level 12 in Fighting
 36624 | D:11     | Noticed Gastronok
 36874 | D:11     | HP: 37/96 [manticore (21)]
 37190 | D:11     | HP: 46/96 [manticore (18)]
 37217 | D:11     | Killed Gastronok
 37467 | D:11     | Found Xeamesm's Antique Weapon Boutique.
 38093 | D:12     | HP: 38/96 [white ugly thing (15)]
 38548 | D:12     | HP: 41/96 [soul eater/drain life[a kobold demonologist]
                  | (14)]
 38913 | D:12     | HP: 45/96 [cyclops (21)]
 39185 | D:12     | Got a smoking wooden ring
 39187 | D:12     | Got a faintly glowing golden ring
 39189 | D:12     | Got a translucent plate armour
 39234 | D:12     | Identified the ring of Daeceuddud {rF+ Int+2} (You found it
                  | on level 12 of the Dungeon)
 39236 | D:12     | Identified the ring of Hepliaklqana's Hope {rCorr MR+++
                  | Str-2 Dex+5} (You found it on level 12 of the Dungeon)
 39257 | D:12     | Identified the cursed +0 plate armour of the Illusory
                  | Deaths {rC++} (You found it on level 12 of the Dungeon)
 39331 | D:12     | Reached ****** piety under Lugonu
 39501 | D:12     | Found a staircase to the Orcish Mines.
 40207 | D:12     | Noticed Nergalle
 40224 | D:12     | Killed Nergalle
 40517 | D:12     | HP: 43/97 [skeletal warrior/+0 trident[a skeletal warrior]
                  | (9)]
 40557 | D:12     | HP: 13/97 [skeletal warrior/+0 trident[a skeletal warrior]
                  | (22)]
 41011 | D:13     | HP: 48/97 [yaktaur/bolt (14)]
 41953 | D:13     | Noticed Rupert
 42022 | D:13     | Banished Rupert
 42774 | D:13     | Reached XP level 16. HP: 103/103 MP: 27/27
 42948 | D:13     | Reached skill level 10 in Hexes
 43301 | D:13     | Identified the +7 plate armour of the Endless Curses
                  | {Dex+3}
 43311 | D:13     | HP: 42/103 [minotaur/javelin of penetration (18)]
 43759 | D:13     | HP: 38/103 [minotaur (21)]
 43763 | D:13     | HP: 18/103 [death yak (18)]
 44096 | D:13     | Got a transparent copper amulet
 44098 | D:13     | Identified the amulet of Ylug {Inacc rN++} (You found it on
                  | level 13 of the Dungeon)
 44496 | D:14     | Found a gate to the Vaults.
 44731 | D:14     | Noticed Nessos
 44738 | D:14     | Killed Nessos
 45054 | D:14     | Reached skill level 13 in Fighting
 45565 | D:15     | Entered Level 15 of the Dungeon
 45868 | D:15     | HP: 44/104 [orc warrior/+5 war axe[an orc knight] (19)]
 46377 | D:15     | Found a staircase to the Depths.
 46419 | D:15     | HP: 45/104 [fire dragon (glowing shapeshifter)/blast of
                  | flame (12)]
 46424 | D:15     | HP: 36/104 [poisoned by a ghost moth]
 46429 | D:15     | HP: 30/104 [poisoned by a ghost moth]
 46434 | D:15     | HP: 24/104 [poisoned by a ghost moth]
 46439 | D:15     | HP: 21/104 [poisoned by a ghost moth]
 46444 | D:15     | HP: 20/104 [poisoned by a ghost moth]
 46450 | D:15     | HP: 18/104 [poisoned by a ghost moth]
 46458 | D:15     | HP: 18/104 [poisoned by a ghost moth]
 46466 | D:15     | HP: 18/104 [poisoned by a ghost moth]
 47097 | Orc:1    | Entered Level 1 of the Orcish Mines
 47097 | Orc:1    | Noticed Erica
 47106 | D:12     | HP: 51/104 [Erica/orb of energy (31)]
 47109 | D:12     | Killed Erica
 47111 | D:12     | HP: 50/104 [poisoned by Erica (bolt of poison)]
 47117 | D:12     | HP: 49/104 [poisoned by Erica (bolt of poison)]
 47125 | D:12     | HP: 49/104 [poisoned by Erica (bolt of poison)]
 47133 | D:12     | HP: 49/104 [poisoned by Erica (bolt of poison)]
 47467 | Orc:1    | HP: 52/104 [poisoned by an orc sorcerer]
 47475 | Orc:1    | HP: 52/104 [poisoned by an orc sorcerer]
 47476 | Orc:1    | HP: 22/104 [sixfirhy[an orc warlord] (9)]
 47479 | Orc:1    | HP: 5/104 [sixfirhy[an orc warlord] (10)]
 48050 | D:12     | Reached skill level 10 in Evocations
 48325 | Orc:1    | Reached XP level 17. HP: 61/109 MP: 26/30
 48611 | Orc:1    | Noticed Maurice
 48618 | Orc:1    | Killed Maurice
 49290 | Orc:2    | Entered Level 2 of the Orcish Mines
 49838 | Orc:2    | Found Niasmum's Jewellery Shoppe.
 49838 | Orc:2    | Found Xeamesm's Magic Scroll Shop.
 49850 | Orc:2    | Found Dotzeat's Armour Boutique.
 49919 | Orc:2    | HP: 54/109 [orc warrior/bolt (12)]
 49925 | Orc:2    | HP: 38/109 [orc warrior/+0 glaive (17)]
 50216 | Orc:2    | Found Neoptip's General Store.
 50221 | Orc:2    | Bought a scroll of identify for 28 gold pieces
 50228 | Orc:2    | Bought an uncursed ring of poison resistance for 240 gold
                  | pieces
 50233 | Orc:2    | Bought a scroll of acquirement for 728 gold pieces
 50235 | Orc:2    | Found the +18 shield of the Gong {rElec rN+ MR+ EV-5}
 50240 | Orc:2    | Bought a +2 amulet of reflection for 90 gold pieces
 50315 | Orc:2    | Reached skill level 1 in Shields
 50339 | Orc:2    | Noticed Saint Roka
 50592 | Orc:2    | HP: 40/109 [Saint Roka/+0 great sword (37)]
 50593 | Orc:2    | Killed Saint Roka
 51064 | Orc:2    | Found a staircase to the Elven Halls.
 51593 | Snake:1  | Entered Level 1 of the Snake Pit
 52094 | Snake:1  | HP: 49/110 [naga sharpshooter/bolt (13)]
 52741 | Snake:1  | HP: 53/110 [anaconda (3)]
 52749 | Lair:2   | HP: 40/110 [anaconda (7)]
 52758 | Lair:2   | HP: 41/110 [black mamba (1)]
 53049 | Shoals:1 | Entered Level 1 of the Shoals
 53537 | Shoals:1 | Reached skill level 14 in Fighting
 53916 | Shoals:1 | You fall through a shaft!
 53970 | Shoals:2 | HP: 41/111 [merfolk javelineer/javelin (26)]
 53983 | Shoals:2 | HP: 37/111 [merfolk/+0 trident (6)]
 53989 | Shoals:2 | Reached skill level 10 in Spellcasting
 54398 | Shoals:2 | HP: 51/111 [merfolk/tomahawk (7)]
 54411 | Shoals:2 | HP: 40/111 [merfolk/+0 trident (14)]
 54420 | Shoals:2 | HP: 38/111 [hippogriff (3)]
 54698 | Shoals:2 | Noticed Polyphemus
 54722 | Shoals:2 | Killed Polyphemus
 55207 | Shoals:2 | Got a faintly humming chain mail
 55218 | Shoals:2 | Identified the +2 chain mail of Insatiable Hunger {Str+3}
                  | (You found it on level 2 of the Shoals)
 55509 | Shoals:3 | HP: 35/112 [water nymph/the raging water (45)]
 55511 | Shoals:3 | Corrupted Shoals:3
 55511 | Shoals:3 | Noticed a tentacled starspawn
 55514 | Shoals:3 | HP: 5/112 [hell hog[Lugonu's corruption] (18)]
 56065 | Shoals:2 | HP: 53/112 [drowned by a water elemental (4)]
 56451 | Shoals:3 | HP: 51/112 [faun/sling bullet (6)]
 56757 | Shoals:3 | Reached XP level 18. HP: 100/117 MP: 32/32
 57557 | Shoals:3 | Found Bifi Ruc's General Store.
 57587 | Shoals:3 | Found Imakicux's General Store.
 57595 | Shoals:3 | Noticed a kraken
 57629 | Shoals:3 | Killed a kraken
 57636 | Shoals:3 | Bought a scroll of teleportation for 39 gold pieces
 57636 | Shoals:3 | Bought a potion of brilliance for 52 gold pieces
 57636 | Shoals:3 | Bought a scroll of fog for 26 gold pieces
 57723 | Shoals:3 | Bought a potion of haste for 180 gold pieces
 58119 | Shoals:4 | Entered Level 4 of the Shoals
 58365 | Shoals:4 | HP: 58/117 [merfolk impaler/+4 trident of pain (8)]
 58745 | Shoals:4 | HP: 40/117 [merfolk impaler/+4 trident of pain (19)]
 59170 | Shoals:3 | HP: 59/118 [poisoned by a sea snake]
 59175 | Shoals:3 | HP: 57/118 [poisoned by a sea snake]
 59180 | Shoals:3 | HP: 57/118 [poisoned by a sea snake]
 59187 | Shoals:3 | HP: 57/118 [poisoned by a sea snake]
 59195 | Shoals:3 | HP: 57/118 [poisoned by a sea snake]
 59411 | Shoals:4 | Noticed Ilsuiw
 59886 | Shoals:4 | Identified the amulet of Makhleb's Hope {rElec Regen+
                  | Dex+4}
 60073 | Shoals:3 | HP: 49/118 [merfolk aquamancer/shard of ice (19)]
 60078 | Shoals:3 | HP: 43/118 [poisoned by a merfolk impaler]
 60083 | Shoals:3 | HP: 38/118 [poisoned by a merfolk impaler]
 60089 | Shoals:3 | HP: 36/118 [poisoned by a merfolk impaler]
 60094 | Shoals:3 | HP: 35/118 [poisoned by a merfolk impaler]
 60100 | Shoals:3 | HP: 34/118 [poisoned by a merfolk impaler]
 60108 | Shoals:3 | HP: 35/118 [poisoned by a merfolk impaler]
 60408 | Shoals:3 | Reached skill level 15 in Fighting
 60416 | Shoals:3 | Killed Ilsuiw
 60417 | Shoals:3 | HP: 58/119 [merfolk/+0 trident (6)]
 60422 | Shoals:3 | HP: 56/119 [poisoned by a merfolk impaler]
 60427 | Shoals:3 | HP: 54/119 [poisoned by a merfolk impaler]
 60433 | Shoals:3 | HP: 54/119 [poisoned by a merfolk impaler]
 60441 | Shoals:3 | HP: 54/119 [poisoned by a merfolk impaler]
 61100 | Shoals:4 | HP: 57/119 [merfolk aquamancer/torrent of water (48)]
 61131 | Shoals:4 | HP: 44/119 [manticore (18)]
 61138 | Shoals:4 | HP: 39/119 [wind drake/the air (7)]
 61963 | Shoals:4 | Found a runed translucent gate.
 62280 | Shoals:4 | Found a runed translucent gate.
 62280 | Shoals:4 | Found a runed translucent gate.
 62280 | Shoals:4 | Noticed crawlian's ghost (journeyman DEFE)
 62478 | Shoals:4 | Killed crawlian's ghost
 62539 | Shoals:4 | Got a ripped robe
 62541 | Shoals:4 | Identified the +0 robe of Mett {+Blink MR++ Stlth+} (You
                  | found it on level 4 of the Shoals)
 62745 | Shoals:4 | HP: 52/119 [drowned by a water nymph (8)]
 63096 | Shoals:4 | Got a barnacled rune of Zot
 63255 | Shoals:4 | HP: 52/119 [merfolk javelineer/silver javelin (16)]
 64340 | Snake:1  | Reached XP level 19. HP: 124/124 MP: 33/33
 65441 | Snake:2  | HP: 49/124 [nagaraja/orb of energy (34)]
 66561 | Snake:3  | HP: 57/125 [black mamba (11)]
 67136 | Snake:3  | HP: 60/125 [naga sharpshooter/bolt (15)]
 67141 | Snake:2  | HP: 54/125 [poisoned by a naga ritualist (toxic radiance)]
 67146 | Snake:2  | HP: 54/125 [poisoned by a naga ritualist (toxic radiance)]
 67152 | Snake:2  | HP: 56/125 [poisoned by a naga ritualist (toxic radiance)]
 67160 | Snake:2  | HP: 60/125 [poisoned by a naga ritualist (toxic radiance)]
 67447 | Snake:3  | Reached skill level 15 in Stealth
 67661 | Snake:3  | Reached skill level 1 in Armour
 67777 | Snake:3  | Identified the cursed +0 robe of Xeorghix {Dex+8}
 67802 | Snake:3  | Got a jewelled rapier
 67803 | Snake:3  | Identified the +4 rapier "Xiggovek" {venom, +Rage rF+
                  | Int-5} (You found it on level 3 of the Snake Pit)
 68044 | Snake:3  | Reached skill level 5 in Translocations
 68085 | Snake:3  | HP: 62/125 [poisoned by a nagaraja (poison arrow)]
 68090 | Snake:3  | HP: 51/125 [poisoned by a nagaraja (poison arrow)]
 68095 | Snake:3  | HP: 45/125 [poisoned by a nagaraja (poison arrow)]
 68100 | Snake:3  | HP: 43/125 [poisoned by a nagaraja (poison arrow)]
 68106 | Snake:3  | HP: 40/125 [poisoned by a nagaraja (poison arrow)]
 68111 | Snake:3  | HP: 40/125 [poisoned by a nagaraja (poison arrow)]
 68116 | Snake:3  | HP: 31/125 [poisoned by a nagaraja (poison arrow)]
 68123 | Snake:3  | HP: 34/125 [poisoned by a nagaraja (poison arrow)]
 68131 | Snake:3  | HP: 38/125 [poisoned by a nagaraja (poison arrow)]
 68555 | Snake:4  | Entered Level 4 of the Snake Pit
 68594 | Snake:4  | Reached skill level 16 in Fighting
 69253 | Snake:3  | HP: 60/125 [naga/+0 battleaxe (6)]
 69388 | Snake:4  | HP: 60/126 [naga warrior/+0 halberd (6)]
 69393 | Snake:4  | HP: 35/126 [shock serpent/bolt of electricity (7)]
 69394 | Snake:4  | HP: 7/126 [naga warrior/+0 halberd (21)]
 69399 | Snake:3  | HP: 25/126 [shock serpent/electric aura (3)]
 69560 | Snake:4  | HP: 62/126 [naga warrior/+0 halberd (17)]
 70492 | Snake:4  | Reached XP level 20. HP: 119/132 MP: 34/34
 71196 | Snake:4  | Reached skill level 17 in Fighting
 71389 | Snake:4  | HP: 58/134 [nagaraja/cursed +0 halberd (24)]
 71394 | Snake:4  | HP: 31/134 [poisoned by a sea snake]
 71399 | Snake:4  | HP: 23/134 [poisoned by a sea snake]
 71404 | Snake:4  | HP: 20/134 [poisoned by a sea snake]
 71409 | Snake:4  | HP: 17/134 [poisoned by a sea snake]
 71414 | Snake:3  | HP: 17/134 [poisoned by a sea snake]
 71420 | Snake:3  | HP: 19/134 [poisoned by a sea snake]
 71426 | Snake:3  | HP: 21/134 [poisoned by a sea snake]
 71434 | Snake:3  | HP: 25/134 [poisoned by a sea snake]
 72520 | Snake:4  | HP: 66/134 [nagaraja/+1 halberd of chopping (4)]
 72525 | Snake:4  | HP: 50/134 [poisoned by a nagaraja (splash of poison)]
 72529 | Snake:4  | Got a serpentine rune of Zot
 72530 | Snake:4  | HP: 34/134 [poisoned by a nagaraja (poison arrow)]
 72535 | Snake:4  | HP: 31/134 [poisoned by a nagaraja (poison arrow)]
 72540 | Snake:4  | HP: 30/134 [poisoned by a nagaraja (poison arrow)]
 72545 | Snake:4  | HP: 30/134 [poisoned by a nagaraja (poison arrow)]
 72551 | Snake:4  | HP: 32/134 [poisoned by a nagaraja (poison arrow)]
 72559 | Snake:4  | HP: 35/134 [poisoned by a nagaraja (poison arrow)]
 72567 | Snake:4  | HP: 39/134 [poisoned by a nagaraja (poison arrow)]
 73044 | Elf:1    | Entered Level 1 of the Elven Halls
 73080 | Elf:1    | Reached skill level 15 in Dodging
 73238 | Elf:1    | Noticed Donald
 73241 | Elf:1    | Killed Donald
 73348 | Elf:1    | Found Suyfatul's Distillery.
 73363 | Elf:1    | Bought a potion of magic for 136 gold pieces
 73543 | Elf:1    | Identified the Almanac of Arcane Weapons
 73726 | Elf:1    | HP: 54/134 [+4 battleaxe of flaming (36)]
 74221 | Elf:1    | Reached skill level 5 in Armour
 74544 | Elf:2    | Found Emeem's Distillery.
 74559 | Elf:2    | Bought a potion of ambrosia for 112 gold pieces
 75319 | Elf:2    | Found a runed translucent gate.
 75319 | Elf:2    | Found a runed translucent gate.
 75320 | Elf:2    | Found a runed translucent gate.
 75513 | Elf:2    | HP: 65/136 [deep elf annihilator/iron shot (36)]
 75635 | Elf:2    | Reached skill level 18 in Fighting
 75706 | Elf:2    | Corrupted Elf:2
 76367 | Elf:2    | HP: 63/136 [deep elf knight/+0 scimitar (14)]
 76372 | Elf:2    | HP: 33/136 [deep elf knight/+0 scimitar (19)]
 76587 | Elf:1    | Reached XP level 21. HP: 125/141 MP: 35/35
 76859 | Elf:1    | HP: 64/141 [+5 morningstar of venom (22)]
 76866 | Elf:1    | HP: 66/141 [poisoned by a +5 morningstar of venom]
 76871 | Elf:1    | HP: 68/141 [poisoned by a +5 morningstar of venom]
 77859 | Elf:2    | Identified a +3 quick blade of distortion (a +1 quick blade
                  | corrupted by Lugonu)
 77859 | Elf:2    | Received a gift from Lugonu
 77951 | Elf:1    | Bought a potion of ambrosia for 136 gold pieces
 77951 | Elf:1    | Bought a potion of might for 68 gold pieces
 77951 | Elf:1    | Bought 2 potions of might for 136 gold pieces
 77975 | Elf:2    | Bought a potion of might for 56 gold pieces
 77975 | Elf:2    | Bought a potion of agility for 56 gold pieces
 77975 | Elf:2    | Bought a potion of might for 56 gold pieces
 78035 | Orc:2    | Bought a scroll of enchant weapon for 105 gold pieces
 78035 | Orc:2    | Bought 3 scrolls of enchant weapon for 315 gold pieces
 78035 | Orc:2    | Bought a scroll of magic mapping for 49 gold pieces
 78196 | Vaults:1 | Entered Level 1 of the Vaults
 78233 | Vaults:1 | HP: 64/142 [vault warden/+0 great mace of crushing (16)]
 79288 | Vaults:1 | HP: 71/142 [vault warden/+0 long sword (31)]
 79307 | Vaults:1 | HP: 36/142 [vault warden/+0 long sword (17)]
 79557 | Vaults:1 | Reached skill level 5 in Shields
 80117 | Vaults:1 | Learned a level 2 spell: Ensorcelled Hibernation
 80166 | Vaults:1 | Reached skill level 1 in Ice Magic
 81029 | Vaults:1 | Reached skill level 5 in Ice Magic
 81280 | Vaults:1 | HP: 70/142 [storm dragon (4)]
 81285 | Vaults:1 | HP: 50/142 [storm dragon (24)]
 81949 | Vaults:2 | Noticed Sojobo
 82078 | Vaults:1 | HP: 70/143 [air elemental[Sojobo] (4)]
 82103 | Vaults:2 | HP: 60/143 [tengu reaver/+0 dire flail[Sojobo] (18)]
 82103 | Vaults:2 | Reached XP level 22. HP: 62/148 MP: 26/36
 82110 | Vaults:1 | HP: 60/148 [air elemental[Sojobo] (7)]
 82580 | Vaults:1 | Banished Sojobo
 82630 | Vaults:2 | Got an ancient cloak
 82631 | Vaults:2 | Identified the +3 cloak of Tasiaxt {Int+5} (You found it on
                  | level 2 of the Vaults)
 82699 | Vaults:2 | Reached skill level 19 in Fighting
 83395 | Vaults:2 | HP: 61/150 [sphinx/divine providence (15)]
 83404 | Vaults:2 | HP: 54/150 [sphinx (11)]
 83474 | Vaults:2 | HP: 54/150 [stone giant skeleton[a necromancer] (28)]
 85769 | Vaults:3 | Noticed Frederick
 85802 | Vaults:3 | Killed Frederick
 86235 | Vaults:3 | Reached skill level 20 in Fighting
 86335 | Vaults:3 | Found a staircase to the Crypt.
 86349 | Vaults:3 | Reached XP level 23. HP: 137/156 MP: 33/37
 86777 | Vaults:3 | HP: 78/156 [rakshasa (illusionary)/orb of energy (15)]
 86788 | Vaults:3 | HP: 78/156 [rakshasa/+0 trident (7)]
 87865 | Vaults:4 | HP: 70/158 [vault guard/+0 great mace[a vault warden] (17)]
 88156 | Vaults:4 | HP: 68/158 [fire giant/fireball (16)]
 88166 | Vaults:4 | HP: 49/158 [fire giant/fireball (8)]
 89402 | Vaults:4 | Reached skill level 15 in Evocations
 89915 | Vaults:4 | Got a dazzling arbalest
 89916 | Vaults:4 | Identified the +8 arbalest of Nightmares {velocity, rPois
                  | Str+3} (You found it on level 4 of the Vaults)
 90582 | Vaults:4 | HP: 76/159 [shot self (19)]
 90594 | Vaults:4 | HP: 37/159 [deep troll[an ironheart preserver] (21)]
 91079 | Depths:1 | Entered Level 1 of the Depths
 91124 | Depths:1 | Reached skill level 21 in Fighting
 91297 | Depths:1 | Gained mutation: Potions are less effective at restoring
                  | your health. [mutagenic glow]
 91298 | Depths:1 | Lost mutation: Potions are less effective at restoring your
                  | health. [potion of mutation]
 91298 | Depths:1 | Gained mutation: Your magical capacity is low. (-10% MP)
                  | [potion of mutation]
 91298 | Depths:1 | Gained mutation: Your natural rate of healing is unusually
                  | fast. [potion of mutation]
 91298 | Depths:1 | Gained mutation: Armour fits poorly on your strangely
                  | shaped body. [potion of mutation]
 91298 | Depths:1 | Gained mutation: You are partially covered in molten
                  | scales. (AC +2) [potion of mutation]
 91520 | Depths:1 | Reached XP level 24. HP: 99/166 MP: 33/33
 91520 | Depths:1 | HP: 71/166 [stone giant/large rock (28)]
 91524 | Depths:1 | HP: 25/166 [stone giant/large rock (39)]
 92061 | Depths:1 | Found a one-way gate to the infinite horrors of the Abyss.
 92216 | Depths:1 | HP: 75/166 [stone giant (21)]
 92364 | Depths:1 | Found the +8 Wrath of Trog {antimagic, *Rage}
 92433 | Depths:1 | Noticed Nikola
 92519 | Depths:1 | Killed Nikola
 92545 | Depths:1 | HP: 71/166 [spriggan berserker/+2 antimagic quarterstaff
                  | (23)]
 92546 | Depths:1 | Corrupted Depths:1
 92548 | Depths:1 | HP: 33/166 [spriggan berserker/+2 antimagic quarterstaff
                  | (11)]
 92894 | Depths:1 | Found Jaanoh's Weapon Shoppe.
 92896 | Depths:1 | Found Bashrivi's Armour Emporium.
 92898 | Depths:1 | Found Toqutzucu's Assorted Antiques.
 92906 | Depths:1 | Bought a glowing cloak for 322 gold pieces
 93945 | Depths:2 | Found a runed translucent door.
 94374 | Depths:2 | Noticed a golden dragon
 94585 | Depths:2 | HP: 81/167 [golden dragon (12)]
 94586 | Depths:2 | Killed a golden dragon
 95971 | Depths:3 | Reached skill level 22 in Fighting
 96005 | Depths:3 | Found a one-way gate leading to the halls of Pandemonium.
 96476 | Depths:3 | Found a gateway to a ziggurat.
 96713 | Depths:3 | HP: 80/168 [spriggan defender/+4 rapier of speed (11)]
 96859 | Depths:3 | Noticed a juggernaut
 96865 | Depths:3 | HP: 79/168 [flayed ghost/flay_damage (28)]
 97230 | Depths:3 | HP: 76/168 [balrug/divine providence (16)]
 97245 | Depths:3 | HP: 51/168 [balrug/divine providence (12)]
 97700 | Depths:3 | HP: 57/168 [titan (31)]
 97876 | Depths:3 | HP: 81/168 [spark wasp (19)]
 97882 | Depths:3 | HP: 38/168 [flayed ghost/flay_damage (20)]
 97979 | Depths:3 | Identified the cursed +0 dagger of Darkness {pierce, *Rage
                  | Dex+7}
 97995 | Depths:3 | Reached XP level 25. HP: 174/174 MP: 33/33
 98305 | Depths:3 | Noticed a caustic shrike
 98417 | Depths:3 | Killed a caustic shrike
 98657 | Depths:3 | Got a warped platinum amulet
 98659 | Depths:3 | Identified the amulet of Usadutamm {Faith rC+ MR+ Int+2}
                  | (You found it on level 3 of the Depths)
 98666 | Depths:3 | Got a faintly glowing amber ring
 98667 | Depths:3 | Identified the ring "Sedephuph" {+Blink rElec rC+ rN+} (You
                  | found it on level 3 of the Depths)
 98885 | Depths:4 | Found a snail-covered altar of Cheibriados.
 98899 | Depths:4 | Noticed a caustic shrike
 98942 | Depths:5 | Entered Level 5 of the Depths
 99836 | Depths:4 | Banished a caustic shrike
100090 | Depths:3 | Reached skill level 23 in Fighting
100564 | Depths:4 | Found Irathiag's Armour Shoppe.
101515 | Depths:5 | Noticed Louise
101571 | Depths:4 | Killed Louise
102466 | Depths:5 | Found a runed translucent door.
102478 | Depths:5 | Reached XP level 26. HP: 183/183 MP: 30/33
102879 | Depths:5 | Found a gate to the Realm of Zot.
103078 | Depths:5 | Noticed an ancient lich
103081 | Depths:5 | Corrupted Depths:5
103089 | Depths:5 | HP: 86/184 [ettin skeleton[Lugonu's corruption] (26)]
103098 | Depths:5 | Killed an ancient lich
103277 | Depths:5 | Identified Cigotuvi's Handbook of Unstable Stolen Souls
103283 | Depths:5 | Learned a level 3 spell: Regeneration
103335 | Depths:5 | Learned a level 2 spell: Passwall
103653 | Elf:3    | Entered Level 3 of the Elven Halls
103727 | Elf:3    | Noticed Asterion
103734 | Elf:3    | Killed Asterion
103826 | Elf:3    | Paralysed by a floating eye for 2 turns
103864 | Elf:3    | Reached skill level 1 in Necromancy
103866 | Elf:3    | Found Eblomos's Assorted Antiques.
103872 | Elf:3    | Reached skill level 1 in Transmutations
103872 | Elf:3    | Reached skill level 1 in Earth Magic
103882 | Elf:3    | Bought a potion of heal wounds for 185 gold pieces
103882 | Elf:3    | Bought a potion of resistance for 370 gold pieces
103882 | Elf:3    | Bought a scroll of teleportation for 111 gold pieces
103882 | Elf:3    | Bought a shiny glass ring for 185 gold pieces
103909 | Elf:3    | Reached skill level 1 in Charms
104677 | Elf:3    | Identified the amulet "Uhafroown" {Reflect *Slow rPois rC+
                  | rN+ SH+3}
104691 | Elf:3    | Corrupted Elf:3
104877 | Elf:3    | Got a twisted ring mail
104878 | Elf:3    | Identified the +0 ring mail of the Beekeeper {rElec rF+
                  | Dex+2} (You found it on level 3 of the Elven Halls)
104900 | Elf:3    | Learned a level 4 spell: Cause Fear
104903 | Elf:3    | Identified Ruilul's Incunabulum of Battle Magic
104912 | Elf:3    | Learned a level 2 spell: Swiftness
105032 | Elf:3    | Identified the +3 quarterstaff of Trog {freeze, Fragile rF+
                  | Str+4}
105050 | Elf:3    | HP: 86/184 [deep elf high priest/damnation (18)]
105055 | Elf:3    | HP: 92/184 [poisoned by a deep elf annihilator (poison
                  | arrow)]
105168 | Elf:3    | Got a shimmering war axe
105504 | Depths:1 | Voluntarily entered the Abyss.
105528 | Abyss:1  | Killed Pikel
105836 | Abyss:2  | Found a snail-covered altar of Cheibriados.
105864 | Abyss:2  | Found an opulent altar of Gozag.
105960 | Abyss:2  | Found an opulent altar of Gozag.
105970 | Abyss:2  | Found an iron altar of Okawaru.
106149 | Abyss:2  | HP: 86/184 [large abomination (21)]
106156 | Abyss:2  | HP: 82/184 [raiju (4)]
106240 | Abyss:2  | Gained mutation: Your magical capacity is very low. (-20%
                  | MP) [a neqoxec]
106241 | Abyss:2  | Gained mutation: You are weak. (Str -2) [a neqoxec]
106371 | Abyss:2  | Reached skill level 24 in Fighting
106479 | Abyss:3  | Found a deep blue altar of Sif Muna.
106508 | Abyss:3  | Found a deep blue altar of Sif Muna.
106600 | Abyss:3  | Gained mutation: Scrolls take you a little longer to read.
                  | [a neqoxec]
106618 | Abyss:3  | Paralysed by accursed screaming for 1 turns
106633 | Abyss:4  | HP: 73/147 [green draconian monk (14)]
106638 | Abyss:4  | HP: 68/147 [quicksilver dragon (4)]
106642 | Abyss:4  | HP: 31/147 [blizzard demon (15)]
106643 | Abyss:4  | HP: 14/147 [green draconian monk (10)]
106643 | Abyss:4  | HP: 3/147 [green draconian monk (6)]
106643 | Abyss:4  | Killed from afar by a starcursed mass

Skill      XL: |  1  2  3  4  5  6  7  8  9 10 11 12 13 14 15 16 17 18 19 20 21 22 23 24 25 26 |
---------------+-------------------------------------------------------------------------------+-----
Short Blades   | 3 4 5 6 7 8 10 11 13 14 | 14.0
Dodging        | 3 4 5 6 8 9 10 11 13 14 15 16 17 18 19 20 | 20.2
Fighting       | 4 5 6 7 9 10 11 12 13 14 15 16 18 20 21 22 23 24 | 24.0
Translocations | 1 2 3 5 |  5.0
Invocations    | 3 4 5 6 7 9 10 11 12 | 12.0
Stealth        | 2 5 7 9 10 12 14 15 16 | 16.0
Evocations     | 1 4 5 6 8 10 11 12 13 14 15 16 17 18 | 18.2
Spellcasting   | 3 4 6 7 9 10 | 10.0
Summonings     | 3 5 7 |  7.1
Air Magic      | 3 5 |  5.0
Hexes          | 3 7 9 11 12 | 12.0
Shields        | 1 5 |  5.6
Armour         | 3 5 7 8 9 |  9.4
Ice Magic      | 5 |  5.0
Necromancy     | 4 |  4.0
Transmutations | 2 |  2.0
Earth Magic    | 2 |  2.0
Charms         | 4 |  4.0

Action                   |  1- 3 |  4- 6 |  7- 9 | 10-12 | 13-15 | 16-18 | 19-21 | 22-24 | 25-27 || total
-------------------------+-------+-------+-------+-------+-------+-------+-------+-------+-------++-------
Melee: Short sword       |   116 |   318 |   101 |       |       |       |       |       |       ||   535
       Rapier            |       |       |   503 |   837 |  1510 |  1602 |  1686 |  2443 |  1192 ||  9773
       Long sword        |       |       |       |     3 |       |       |       |       |       ||     3
       Dagger            |       |       |       |   482 |   147 |       |       |       |       ||   629
       Hand axe          |       |       |       |     5 |       |       |       |       |       ||     5
       Quick blade       |       |       |       |       |       |       |   223 |    44 |    63 ||   330
 Cast: Blink             |       |       |     5 |    17 |     3 |     1 |     3 |     5 |     3 ||    37
       Summon Small Mamm |       |       |       |    30 |     1 |       |       |       |       ||    31
       Summon Lightning  |       |       |       |     9 |   137 |    26 |    81 |    70 |    11 ||   334
       Summon Butterflie |       |       |       |       |     8 |     3 |    10 |    10 |       ||    31
       Confuse           |       |       |       |       |    21 |    24 |    26 |    15 |    21 ||   107
       Invisibility      |       |       |       |       |       |    43 |    30 |    31 |    11 ||   115
       Confusing Touch   |       |       |       |       |       |     1 |     4 |     3 |       ||     8
       Ensorcelled Hiber |       |       |       |       |       |       |     5 |     1 |       ||     6
       Apportation       |       |       |       |       |       |       |       |       |     3 ||     3
       Regeneration      |       |       |       |       |       |       |       |       |    11 ||    11
Invok: Bend Space        |       |     1 |       |       |       |       |       |       |       ||     1
       Banish            |       |       |     2 |     4 |     9 |     3 |       |     2 |     1 ||    21
       Corrupt           |       |       |       |       |       |     1 |     1 |     1 |     2 ||     5
       Brand Weapon With |       |       |       |       |       |       |     1 |       |       ||     1
 Abil: Evoke Flight      |       |       |       |       |     4 |    14 |       |       |       ||    18
Evoke: Wand              |       |     1 |     5 |       |    14 |     6 |     5 |     4 |     2 ||    37
       Lamp of fire      |       |       |       |       |     1 |     1 |     1 |       |     2 ||     5
       Sack of spiders   |       |       |       |       |     1 |       |       |       |       ||     1
       Fan of gales      |       |       |       |       |       |     1 |     1 |       |       ||     2
       Phantom mirror    |       |       |       |       |       |       |     1 |       |       ||     1
       Phial of floods   |       |       |       |       |       |       |       |     1 |       ||     1
  Use: Scroll            |       |    10 |    10 |     4 |    18 |    12 |    12 |     9 |    13 ||    88
       Potion            |       |       |     3 |       |     2 |     1 |     1 |     2 |     1 ||    10
 Stab: Sleeping          |       |     1 |     2 |    10 |    30 |    28 |    37 |    24 |    10 ||   142
       Distracted        |       |       |     1 |     4 |    28 |    10 |    22 |    36 |    13 ||   114
       Confused          |       |       |       |       |     7 |     8 |     6 |     8 |     5 ||    34
       Petrifying        |       |       |       |       |     1 |       |       |       |       ||     1
       Invisible         |       |       |       |       |       |   179 |    63 |   137 |    89 ||   468
       Paralysed         |       |       |       |       |       |       |       |       |     1 ||     1
  Eat: Chunk             |     9 |    13 |    20 |    48 |    87 |    90 |    75 |    61 |    33 ||   436
       Ration            |       |       |       |       |     1 |     1 |       |       |       ||     2
Armor: Leather armour    |    26 |     5 |       |       |       |       |       |       |       ||    31
       Robe              |       |    45 |    70 |   127 |   246 |   156 |   181 |   155 |    90 ||  1070
Dodge: Dodged            |    67 |   194 |   502 |  1033 |  1347 |  1376 |  1357 |  1475 |   831 ||  8182
Block: Other             |       |       |       |       |       |     1 |       |       |       ||     1
       Buckler           |       |       |       |       |       |       |   101 |   582 |   361 ||  1044
       Rpst.: Long sword |       |       |       |     1 |       |       |       |       |       ||     1

Levels and vault maps discovered:
D:1:      co_arrival_two_rings, layout_rooms
D:2:      layout_basic, lemuel_crystal_altar, doesnt_xom_only_xom, uniq_jessica
D:3:      layout_loops_ring, old_standard_altar, nicolae_overflow_hidden_temple,
          minitemple, first_ration, serial_park_tiny_1, patterned_corridor,
          uniq_crazy_yiuf_cottage, uniq_terence
D:4:      layout_loops_ring, vehumet_altar_wand_db,
          nicolae_overflow_crystal_walls, skrybe_limestone_x,
          roderic_nine_men_s_morris
D:5:      layout_basic, minmay_temple_entry_trees, serial_shops,
          nicolae_shop_overgrown_old_shop, serial_bayou_pond_e
D:6:      layout_basic, kennysheep_small_square
D:7:      layout_loops_ring, old_standard_altar, cheibrodos_worm_habitat,
          basic_altar, uniq_pikel
D:8:      layout_basic
D:9:      layout_cave_pools, lemuel_round_altar, lemuel_round_altar,
          grunt_gozag_statues, hangedman_ranch [blue_anna_fruit_fields]
D:10:     layout_basic, due_lair_maze_entry_diamond, uniq_josephine
D:11:     layout_rooms, serial_shops, nicolae_shop_overgrown_old_shop,
          uniq_gastronok
D:12:     minmay_the_grid_octo_tiled_octocenter
          [minmay_the_grid_octo_fan_narrow, minmay_the_grid_octo_focus,
          minmay_the_grid_octo_checkerflower, minmay_the_grid_octo_toaster,
          minmay_the_grid_octo_prize_star, minmay_the_grid_square_5x5_meh,
          minmay_the_grid_square_5x5_slash,
          minmay_the_grid_square_5x5_two_walls_b,
          minmay_the_grid_square_5x5_gyroscope], layout_cave_pods, david_orc_3,
          uniq_nergalle
D:13:     fort_yaktaur, layout_basic, nrook_guardian_serpent_double, uniq_rupert
D:14:     layout_basic, david_vaults_1, uniq_nessos
D:15:     gammafunk_enter_depths_forms, layout_cave_pools
Lair:1:   layout_regular_city, beast_lair_carwin_10
Lair:2:   layout_gridlike, minmay_shoals_entry_beasts,
          minmay_snake_entry_six_corridors, ebering_ghost_funeral_grove,
          lemuel_fruit_fields, lemuel_fruit_tree
Lair:3:   layout_regular_city, lightli_volcano_entry_magma_tube,
          minmay_lair_oklob_chamber
Lair:4:   layout_cave_pods, infiniplex_staircase_pool
Lair:5:   layout_concentric_octagons, lemuel_old_faithful
Lair:6:   evil_forest, layout_regular_city, minmay_slime_entry_oklob_open,
          portal_ice_cave_entry_pillars_2
Shoals:1: layout_shoals, hangedman_shoals_cup_caves
Shoals:2: layout_shoals, uniq_polyphemus
Shoals:3: layout_shoals, serial_shops, shop, nicolae_shop_window_shopping
Shoals:4: shoals_end_hangedman, layout_shoals, shoals_ilsuiw_alternative,
          ebering_ghost_rock_garden
Snake:1:  layout_layer_cave, st_stairs_3, grunt_megastairs_4
Snake:2:  layout_onion
Snake:3:  layout_honeycomb
Snake:4:  grunt_snake_rune_pools, layout_gridlike
Orc:1:    nicolae_orc_accident_3, layout_caves, uniq_maurice, uniq_erica
Orc:2:    st_orc_rangers, layout_caves, uniq_saint_roka
Elf:1:    layout_geoelf_octagon, serial_shops, shop_fountains,
          minmay_elf_annihilation, uniq_donald
Elf:2:    layout_onion_city, serial_shops, shop, grunt_ministairs_12,
          feat_on_display
Elf:3:    elf_hall_gauntlet_wide, layout_loops_cross, serial_shops,
          nicolae_shop_stone, uniq_asterion
Vaults:1: vaults_mumra_hexcomb, nicolae_vaults_theta, v_misc_27,
          vaults_room_grunt_arrival_ludios, vaults_room_pool, v_misc_1,
          nicolae_vaults_little_squares_5, st_more_cells,
          vaults_mumra_minichess_inversion, nicolae_vaults_gold_heap,
          nicolae_vaults_shelves_hall, vaults_dpeg_diagonal,
          layout_vaults_maze_snakey
Vaults:2: nicolae_vaults_inception_corners, v_rooms_6, v_alt_pattern_6,
          vaults_mumra_minichess, nicolae_vaults_three_branches,
          hangedman_vaults_stream, ontoclasm_vaults_hangar, vaults_dpeg_doors,
          v_misc_19, grunt_vaults_hallway_short, layout_vaults_big_room,
          uniq_sojobo
Vaults:3: nicolae_vaults_big_angled_halls, v_misc_8,
          vaults_standard_mumra_enter_the_diamond,
          nicolae_vaults_stairing_the_circle,
          minmay_crypt_entry_skeletal_spiral, vaults_room_fancy_cross,
          nicolae_vaults_alarming, v_pattern_1, ontoclasm_vaults_fault,
          vaults_room_hallway, vaults_standard_mumra_x, v_alt_pattern_6,
          layout_vaults_omnibox, uniq_frederick
Vaults:4: st_spiral_rooms, vaults_room_fours, hangedman_vaults_nodes,
          grunt_vaults_hallway_long, ontoclasm_vaults_chip, v_misc_5, v_misc_27,
          nicolae_vaults_diagonal_hallway_8, nicolae_vaults_yaktaur_gun_rack,
          ontoclasm_vaults_gateway, layout_vaults_ring
Depths:1: layout_cave_pools, minmay_misc_feat_alley, grunt_hell_entry_dis_grunt,
          abyss_entry, minmay_guarded_unrand_wrath_of_trog,
          serial_bayou_shore_b, minmay_shop_star, uniq_nikola
Depths:2: box_level_dp, hell_entry, abyss_entry
Depths:3: minmay_rotating_shell, layout_basic, enter_ziggurat_f,
          lightli_too_deep, grunt_pan_entry_sceptre, nrook_uturn,
          grunt_tough_drop, minmay_staircase_statues
Depths:4: hangedman_cross_cluster, layout_basic, abyss_entry, minivault_11,
          hell_entry, serial_shops, shop, infiniplex_enter_wizlab_water,
          lemuel_flame_loot_1, infiniplex_staircase_river
Depths:5: evilmike_zot_entry_diamond, layout_basic, grunt_decor_fettered,
          nicolae_abyss_entry_one_way_or_another, special_room
          [special_room_magic_class], hell_entry, minmay_st_funbox,
          lightli_fourway_metalbox, serial_bayou_shore_b
Abyss:1
Abyss:2
Abyss:3
Abyss:4:  gammafunk_abyss_rune_reverse_zot
IceCv:    ice_cave_small_giant
Volcano:  volcano_aerie
